 Dungeon Crawl Stone Soup version 0.22-a0-293-gc9362ec (webtiles) character file.

66852 Ghella the Tortoise (level 15, -6/99 HPs)
             Began as a Gargoyle Fighter on Mar 24, 2018.
             Was the Champion of Okawaru.
             Mangled by a black mamba (10 damage)
             ... on level 6 of the Lair of Beasts.
             The game lasted 01:09:09 (35551 turns).

Ghella the Tortoise (Gargoyle Fighter)             Turns: 35551, Time: 01:09:09

Health: -6/99      AC: 49    Str: 31    XL:     15   Next: 21%
Magic:  16/16      EV:  9    Int:  9    God:    Okawaru [******]
Gold:   894        SH: 11    Dex: 11    Spells: 14/14 levels left

rFire    . . .     SeeInvis +   J - +2 flail (protect)
rCold    . . .     Gourm    .   c - +1 shield
rNeg     + . .     Faith    .   l - +0 plate armour
rPois    ∞         Spirit   .   P - +2 helmet {SInv}
rElec    +         Reflect  .   C - +0 cloak {MR+}
rCorr    +         Harm     .   v - +1 pair of gloves
MR       +++..                  T - +0 pair of boots
Stlth    ..........             (no amulet)
HPRegen  0.26/turn              E - ring of resist corrosion
MPRegen  0.15/turn              U - ring "Marphuel" {MR+ AC+3 Str+5}

@: protection aura, very slightly contaminated, hasted, invisible, very quick
A: big wings, agile 1, negative energy resistance 1, shaggy fur 1, electricity
resistance, unbreathing, petrification resistance, rot immunity, AC +11
a: Fly, Heroism, Finesse, Renounce Religion


You were on level 6 of the Lair of Beasts.
You worshipped Okawaru.
Okawaru was exalted by your worship.
You were not hungry.

You visited 3 branches of the dungeon, and saw 21 of its levels.
You also visited: Labyrinth, Sewer and Ossuary.

You collected 1297 gold pieces.
You spent 403 gold pieces at shops.

Inventory:

Hand Weapons
 J - a +2 flail of protection (weapon)
 L - the +5 rapier "Bemuefab" {vamp, rPois rC+}
   (Okawaru gifted it to you on level 9 of the Dungeon)

   It inflicts no extra harm, but heals its wielder when it wounds a living foe.
   It protects you from cold.
   It protects you from poison.
 O - a +2 great mace of flaming
 V - a +2 great mace of protection
 W - a +2 mace of protection
Armour
 b - a +0 hat of intelligence
 c - a +1 shield (worn)
 g - a scarf of cloud immunity
 l - a +0 plate armour (worn)
 v - a +1 pair of gloves (worn)
 z - the +2 robe of Life {rF+ Str+2}
   (You found it on level 4 of the Dungeon)

   It affects your strength (+2).
   It protects you from fire.
 A - a +1 helmet
 C - a +0 cloak of magic resistance (worn)
 P - a +2 helmet of see invisible (worn)
 T - a +0 pair of boots (worn)
Jewellery
 d - a +4 ring of intelligence
 j - an uncursed ring of fire
 m - an uncursed ring of positive energy
 B - an uncursed ring of teleportation
 E - a ring of resist corrosion (left hand)
 G - an uncursed ring of wizardry
 R - an uncursed ring of protection from cold
 S - an uncursed ring of wizardry
 U - the ring "Marphuel" (right hand) {MR+ AC+3 Str+5}
   (You found it on level 4 of the Lair of Beasts)

   [ring of protection]

   It affects your AC (+3).
   It affects your strength (+5).
   It affects your resistance to hostile enchantments.
Wands
 o - a wand of acid (26)
 q - a wand of random effects (23)
 s - a wand of enslavement (19)
 K - a wand of disintegration (10)
 N - a wand of polymorph (12)
 Q - a wand of flame (30)
Scrolls
 e - 2 scrolls of enchant weapon
 r - 5 scrolls of fog
 t - 3 scrolls of magic mapping
 x - 8 scrolls of remove curse
 y - 4 scrolls of amnesia
 D - 4 scrolls of enchant armour
 I - 3 scrolls of immolation
 M - 4 scrolls of identify
Potions
 h - 4 potions of curing
 n - a potion of flight
 u - 2 potions of might
 w - 4 potions of brilliance
 F - 3 potions of agility
 H - 3 potions of lignification
 X - a potion of magic
Comestibles
 f - 26 rations


   Skills:
 + Level 13.2 Fighting
 + Level 15.2 Maces & Flails
 * Level 15.8 Armour
 + Level 7.6 Dodging
 + Level 4.1 Stealth
 - Level 3.2 Shields
 + Level 1.3 Invocations


You had 14 spell levels left.
You didn't know any spells.

Dungeon Overview and Level Annotations

Branches:
Dungeon (14/15)            Temple (1/1) D:6            Lair (6/6) D:10
  Swamp (0/4) Lair:4        Snake (0/4) Lair:3          Orc (0/2) D:11
  Slime: Lair:5-6    Vaults: D:13-14

Altars:
Ashenzari
Cheibriados
Dithmenos
Elyvilon
Fedhas
Gozag
Hepliaklqana
Kikubaaqudgha
Makhleb
Nemelex Xobeh
Okawaru
Qazlal
Ru
Sif Muna
Trog
Uskayaw
Vehumet
Wu Jian
Xom
Yredelemnul
Zin
The Shining One

Shops:
D:4 [[=[   D:6 *   D:9 *

Annotations:
Lair:2 exclusion: oklob plant
Lair:6 2 runed doors


Innate Abilities, Weirdness & Mutations

You are resistant to torment.
Your stone body is resilient. (AC +11)
You are immune to poison.
Your large and strong wings let you fly indefinitely.
You resist negative energy. (rN+)
You are resistant to electric shocks. (rElec)
You can survive without breathing.
You are immune to petrification.
You are immune to rotting.
You are agile. (Dex +2)
You are covered in fur. (AC +1)


Message History

You feel yourself speed up. You block the black mamba's attack.
The black mamba bites you!
* * * LOW HITPOINT WARNING * * *
The hell hound bites you but does no damage.
You fade into invisibility!
You block the black mamba's attack. The hell hound barely misses you.
You are very lightly contaminated with residual magic.
The hell hound bites you but does no damage.
The hell hound breathes flames at you. The blast of flame hits you!
* * * LOW HITPOINT WARNING * * *
You miss the hell hound.
The hell hound is moderately wounded.
You block the black mamba's attack.
The hell hound bites you but does no damage.
You sock the hell hound!
Your weapon exudes an aura of protection.
The hell hound is moderately wounded.
The black mamba bites you!
You die...

##§§§§.### #.### #........##
#..## .#.........## ##...
...........8# #... #.........##
≈# ##.. 8..........# §≈≈≈ ###
#l......h###§§§# #.
8#8#...hhS.≈≈# #### # ##..h@S≈≈8#
#P#. ##.≈≈≈§### #... ####
≈≈≈≈≈§### #########... ...##
#≈§#≈§### ###.P.#..####. ....# ##
### ###††.....## #^. ...P#####
####..#......## ##.
..P...#.#######...###.#...†.# ##
....P............###........## ##
..................###........###.


You could see a komodo dragon (fleeing), a black mamba, 4 hell hounds and a lava
snake.

Vanquished Creatures
  Gastronok (Lair:1)
  Kirke (Lair:4)
  Nessos (Lair:5)
  Azrael (D:12)
  A minotaur (Lab)
  7 hydras
  9 two-headed ogres
  An ogre mage (D:14)
  4 death yaks (Lair:6)
  A tengu warrior (D:13)
  Nergalle (Lair:1)
  Pikel (D:7)
  A phantasmal warrior (D:12)
  An orc knight (D:12)
  5 ugly things (D:13)
  3 cyclopes
  22 elephants
  Maurice (D:12)
  3 black mambas
  Joseph (Lair:1)
  11 spiny frogs
  4 gargoyles
  A centaur skeleton (D:14)
  A rime drake (Lair:3)
  5 komodo dragons
  A queen bee (D:11)
  A tyrant leech (Lair:4)
  4 trolls
  A hornet (D:10)
  4 hippogriffs
  6 blink frogs
  A meliai zombie (D:12)
  A snapping turtle (shapeshifter) (D:11)
  A shadow (D:11)
  34 yaks
  2 vampires
  4 wyverns
  6 basilisks
  3 fire elementals (D:11)
  2 hogs (Lair:4)
  A steam dragon (D:13)
  3 hungry ghosts
  A golden eye (D:10)
  Menkaure (D:4)
  A naga (Lair:3)
  7 water moccasins
  2 acid dragons (D:12)
  A soldier ant (D:12)
  11 porcupines
  A hell hound (D:12)
  8 orc warriors
  2 swamp drakes
  4 ice beasts
  4 sky beasts
  A necrophage (D:11)
  11 ogres
  A phantom (D:6)
  3 black bears
  10 centaurs
  6 wolves
  16 crocodiles
  16 bullfrogs
  A gnoll sergeant (D:7)
  A wyvern zombie (D:14)
  4 jellies
  A water moccasin skeleton (D:6)
  6 scorpions
  A wyvern skeleton (D:10)
  21 killer bees
  15 wights
  7 howler monkeys
  An electric eel (D:10)
  6 lava snakes (D:13)
  4 centaur zombies
  7 crimson imps
  A bullfrog zombie (D:12)
  2 quasits
  14 hounds
  12 orc priests
  2 bullfrog skeletons
  2 gnoll shamans
  17 orc wizards
  3 iguanas
  11 worker ants
  Natasha (thrice) (D:2)
  4 mummies
  A worker ant zombie (D:5)
  2 river rats (Sewer)
  15 adders
  14 gnolls
  2 shadow imps
  An ooze (D:3)
  2 adder zombies
  3 adder skeletons
  8 worms
  6 dart slugs
  3 leopard geckos
  54 orcs
  7 bats
  A giant cockroach (D:2)
  4 goblins
  12 hobgoblins
  9 jackals
  5 kobolds
  A quokka (D:3)
  9 ball pythons (Sewer)
  6 frilled lizards
  5 goblin zombies (Ossuary)
  3 hobgoblin zombies (Ossuary)
  A jackal skeleton (D:4)
  2 kobold zombies (Ossuary)
  A quokka skeleton (D:6)
  2 quokka zombies
  33 rats
  6 rat zombies (Ossuary)
634 creatures vanquished.

Vanquished Creatures (others)
  A human (Lair:5)
  A yak (D:12)
  An ice beast (D:12)
  An orc (D:12)
  A bush (Lair:6)
  8 fungi
  5 plants
18 creatures vanquished.

Grand Total: 652 creatures vanquished

Notes
Turn   | Place    | Note
-------+----------+-------------------------------------------
     0 | D:1      | Ghella the Gargoyle Fighter began the quest for the Orb.
     0 | D:1      | Reached XP level 1. HP: 14/14 MP: 1/1
     2 | D:1      | Noticed a tengu
     4 | D:1      | Noticed a felid
     6 | D:1      | Noticed a vampire
     6 | D:1      | Noticed a naga
     8 | D:1      | Noticed a gargoyle
    10 | D:1      | Noticed a centaur
    10 | D:1      | Noticed a vine stalker
    12 | D:1      | Noticed a spriggan
    12 | D:1      | Noticed a ghoul
    14 | D:1      | Noticed a minotaur
    14 | D:1      | Noticed a halfling
    16 | D:1      | Noticed a draconian
    18 | D:1      | Noticed a merfolk
    18 | D:1      | Noticed a dwarf
    20 | D:1      | Noticed a troll
    20 | D:1      | Noticed an elf
    22 | D:1      | Noticed an octopode
    22 | D:1      | Noticed a demigod
    24 | D:1      | Noticed an ogre
    24 | D:1      | Noticed a formicid
    26 | D:1      | Noticed a human
    26 | D:1      | Noticed a demonspawn
   280 | D:1      | Reached XP level 2. HP: 19/19 MP: 2/2
   537 | D:1      | Found a sparkling altar of Nemelex Xobeh.
   903 | D:2      | Reached XP level 3. HP: 24/24 MP: 3/3
  1142 | D:2      | Found an iron altar of Okawaru.
  1146 | D:2      | Found a hide-covered altar of Uskayaw.
  1146 | D:2      | Found an opulent altar of Gozag.
  1152 | D:2      | Found a glowing silver altar of Zin.
  1152 | D:2      | Found a sacrificial altar of Ru.
  1152 | D:2      | Found a shimmering altar of Xom.
  1863 | D:2      | Reached XP level 4. HP: 26/29 MP: 4/4
  1901 | D:2      | Noticed Natasha
  1922 | D:2      | Killed Natasha
  2090 | D:2      | Noticed Natasha
  2099 | D:2      | Killed Natasha
  2099 | D:2      | Reached skill level 1 in Dodging
  2099 | D:2      | Reached XP level 5. HP: 24/33 MP: 5/5
  2129 | D:2      | Noticed Natasha
  2132 | D:2      | Killed Natasha
  2478 | D:3      | Found a stormy altar of Qazlal.
  2618 | D:3      | Found a hide-covered altar of Uskayaw.
  2630 | D:3      | Found an iron altar of Okawaru.
  2630 | D:3      | Found a shattered altar of Ashenzari.
  2637 | D:3      | Became a worshipper of Warmaster Okawaru
  2828 | D:3      | Reached skill level 5 in Armour
  3071 | D:3      | Found a glowing drain.
  3084 | Sewer    | Entered a sewer
  3117 | Sewer    | Reached XP level 6. HP: 19/38 MP: 6/6
  4019 | Sewer    | Gained mutation: You are covered in fur. (AC +1) [potion of mutation]
  4019 | Sewer    | Gained mutation: You are agile. (Dex +2) [potion of mutation]
  4223 | Sewer    | Reached XP level 7. HP: 17/44 MP: 7/7
  4231 | Sewer    | Reached * piety under Okawaru
  4772 | D:4      | Noticed Menkaure
  4777 | D:4      | Killed Menkaure
  4938 | D:4      | Found Heloguph's Antique Armour Emporium.
  4940 | D:4      | Found a burning altar of Makhleb.
  4951 | D:4      | Found Deysaih's Antique Armour Shoppe.
  4973 | D:4      | Got a heavily jewelled robe
  4974 | D:4      | Identified the +2 robe of Life {rF+ Str+2} (You found it on level 4 of the Dungeon)
  4989 | D:4      | Bought a runed helmet for 187 gold pieces
  5063 | D:4      | Reached skill level 5 in Maces & Flails
  5509 | D:4      | Found Piogefeo's Armour Emporium.
  5522 | D:4      | Found Heneijio's Jewellery Emporium.
  5597 | D:4      | Reached ** piety under Okawaru
  5597 | D:4      | Reached XP level 8. HP: 47/48 MP: 8/8
  5641 | D:5      | Entered Level 5 of the Dungeon
  5772 | D:5      | Reached skill level 5 in Fighting
  5906 | D:4      | Reached skill level 1 in Stealth
  6436 | D:6      | Found Kukaapez's General Store.
  6474 | D:6      | Reached *** piety under Okawaru
  6557 | D:6      | Reached XP level 9. HP: 54/54 MP: 9/9
  6749 | D:6      | Found a staircase to the Ecumenical Temple.
  6781 | Temple   | Entered the Ecumenical Temple
  7365 | D:7      | Reached **** piety under Okawaru
  7461 | D:7      | Found a flagged portal.
  7639 | D:7      | Found a sand-covered staircase.
  7648 | Ossuary  | Entered an ossuary
  8438 | D:7      | Noticed Pikel
  8451 | D:7      | Killed Pikel
  8451 | D:7      | Reached ***** piety under Okawaru
  8451 | D:7      | Reached XP level 10. HP: 58/61 MP: 10/10
  9213 | D:8      | Noticed a two-headed ogre
  9225 | D:8      | Killed a two-headed ogre
  9225 | D:8      | Reached skill level 10 in Maces & Flails
  9497 | D:9      | Received a gift from Okawaru
  9500 | D:9      | Got an ivory rapier {god gift}
  9663 | D:9      | Identified the +5 rapier "Bemuefab" {vamp, rPois rC+} (Okawaru gifted it to you on level 9 of the Dungeon)
  9697 | D:9      | Found Riesa's Assorted Antiques.
  9765 | D:9      | Bought a potion of heal wounds for 135 gold pieces
  9765 | D:9      | Bought a potion of curing for 81 gold pieces
 10137 | D:10     | Entered Level 10 of the Dungeon
 10155 | D:10     | Reached skill level 10 in Armour
 10158 | D:10     | Found a staircase to the Lair.
 10645 | D:10     | Noticed a two-headed ogre
 10655 | D:10     | Killed a two-headed ogre
 10655 | D:10     | Reached XP level 11. HP: 48/68 MP: 11/11
 13045 | D:10     | Identified the cursed +1 robe of Hoscha Ozips {rN+ MR++} (You found it on level 10 of the Dungeon)
 13337 | D:11     | Reached skill level 5 in Dodging
 13803 | D:11     | Noticed a seven-headed hydra
 13814 | D:11     | Killed a seven-headed hydra
 14949 | D:11     | Noticed a shock serpent
 14956 | D:11     | a shock serpent changed into a snapping turtle
 15016 | D:11     | Received a gift from Okawaru
 15282 | D:11     | Found a staircase to the Orcish Mines.
 15384 | D:11     | Noticed a two-headed ogre
 15402 | D:11     | Killed a two-headed ogre
 15668 | D:11     | Found a shimmering altar of Xom.
 15735 | D:11     | Reached XP level 12. HP: 75/76 MP: 12/12
 16527 | D:12     | Noticed Maurice
 16555 | D:12     | Killed Maurice
 17045 | D:12     | Noticed a two-headed ogre
 17050 | D:12     | Noticed a two-headed ogre
 17063 | D:12     | Killed a two-headed ogre
 17078 | D:12     | Killed a two-headed ogre
 17372 | D:12     | Noticed an eight-headed hydra
 17750 | D:11     | Killed an eight-headed hydra
 18079 | D:12     | Noticed Azrael
 20036 | D:12     | Reached skill level 10 in Fighting
 20289 | D:12     | Killed Azrael
 20466 | D:12     | Reached ****** piety under Okawaru
 20694 | D:13     | Received a gift from Okawaru
 21301 | D:13     | Reached XP level 13. HP: 52/82 MP: 13/13
 23432 | D:13     | Received a gift from Okawaru
 25488 | Lair:1   | Entered Level 1 of the Lair of Beasts
 25509 | Lair:1   | Noticed Gastronok
 25560 | Lair:1   | Noticed Joseph
 25563 | Lair:1   | Found a labyrinth entrance.
 25572 | Lab      | Entered a labyrinth
 26341 | Lab      | Noticed a minotaur
 26368 | Lab      | Killed a minotaur
 26916 | Lair:1   | Killed Joseph
 27301 | Lair:1   | Noticed Nergalle
 27328 | Lair:1   | Killed Nergalle
 27474 | Lair:1   | Killed Gastronok
 28279 | Lair:2   | Gained mutation: Your large and strong wings let you fly indefinitely. [Gargoyle growth]
 28279 | Lair:2   | Reached XP level 14. HP: 78/90 MP: 14/14
 28502 | Lair:2   | Received a gift from Okawaru
 28502 | Lair:2   | Reached skill level 1 in Invocations
 29856 | Lair:3   | Found a staircase to the Snake Pit.
 30703 | Lair:4   | Got a vibrating tin ring
 30705 | Lair:4   | Identified the ring "Marphuel" {MR+ AC+3 Str+5} (You found it on level 4 of the Lair of Beasts)
 31214 | Lair:4   | Received a gift from Okawaru
 31310 | Lair:4   | Found a staircase to the Swamp.
 31755 | Lair:5   | Noticed Nessos
 32367 | Lair:5   | HP: 3/92 [elephant (2)]
 32759 | Lair:5   | Noticed Kirke
 32925 | Lair:4   | Killed Kirke
 33497 | Lair:5   | Killed Nessos
 33497 | Lair:5   | Reached skill level 15 in Maces & Flails
 33497 | Lair:5   | Reached skill level 15 in Armour
 33884 | Lair:5   | Received a gift from Okawaru
 33949 | Lair:6   | Entered Level 6 of the Lair of Beasts
 34494 | Lair:6   | Reached XP level 15. HP: 98/98 MP: 16/16
 35541 | Lair:6   | Found a large runed door.
 35541 | Lair:6   | Found a large runed door.
 35549 | Lair:6   | HP: 4/99 [hell hound/blast of flame (11)]
 35551 | Lair:6   | Mangled by a black mamba

Vault maps used:
D:1:      kb_arrival_jail, solitary_fountain, nemelex_diamond_rough_becter
D:2:      doesnt_xom_only_xom, first_ration, uniq_natasha
D:3:      gammafunk_temple_overflow_elements, grunt_qazlal_clouds,
          lemuel_crystal_altar, cheibrodos_sewer_entry_bend,
          hangedman_decor_clover_reticule
D:4:      serial_shops, nicolae_shop_overgrown_old_shop,
          nicolae_shop_overgrown_old_shop, nicolae_shop_window_shopping,
          kennysheep_mini, bloody_makhleb, uniq_menkaure
D:6:      temple_fountains, serial_shops, shop
D:7:      enter_bailey_8, gup_ossuary_entry_pyramid, uniq_pikel
D:9:      serial_shops, nicolae_shop_overgrown_old_shop
D:10:     erik_lair_island
D:11:     erik_orc_1, david_nohive_1, minmay_misc_feat_encased,
          small_statue_alley_a, kennysheep_flooded_box
D:12:     uniq_maurice, uniq_azrael
D:13:     kennysheep_boxes
D:14:     david_vaults_2, serial_park_gazebo, hangedman_abyss_or_decor_passed,
          serial_park_tiny_pond
Temple:   eino_temple_scatter_basement
Lair:1:   lab_entry_generic, grunt_megastairs_3, infiniplex_staircase_pool_2,
          uniq_joseph, uniq_gastronok, uniq_nergalle
Lair:2:   beast_lair_carwin_1, infiniplex_staircase_pool,
          minmay_lair_oklob_chamber
Lair:3:   guppyfry_snake_entry_island, serial_bayou_shore_b
Lair:4:   minmay_swamp_entry_worms, minivault_19, lemuel_fruit_tree
Lair:5:   beast_lair_carwin_large_1, grunt_megastairs_4, uniq_nessos, uniq_kirke
Lair:6:   cheibrodos_lair_end_hotspot, dpeg_slime_entry_corner
Lab:      labyrinth_mini_lab, labyrinth_skeletal_remains,
          nicolae_lab_very_dead_end
Sewer:    sewer_minmay_w
Ossuary:  ossuary_minmay_chase

Skill      XL: |  1  2  3  4  5  6  7  8  9 10 11 12 13 14 15 |
---------------+----------------------------------------------+-----
Armour         | 4 5 6 8 9 10 11 12 13 15 | 15.8
Maces & Flails | 3 4 5 6 9 10 12 13 14 15 | 15.2
Fighting       | 4 5 6 8 9 10 11 13 | 13.2
Dodging        | 1 2 3 4 5 6 7 |  7.6
Stealth        | 1 2 3 4 |  4.1
Invocations    | 1 |  1.3
Shields        | |  3.2

Action                   |  1- 3 |  4- 6 |  7- 9 | 10-12 | 13-15 || total
-------------------------+-------+-------+-------+-------+-------++-------
Melee: Flail             |   140 |   419 |   595 |  1447 |  1483 ||  4084
Invok: Heroism           |       |       |       |     2 |     5 ||     7
       Finesse           |       |       |       |       |     1 ||     1
Evoke: Wand              |       |       |       |     5 |       ||     5
  Use: Potion            |       |     9 |     4 |    19 |     9 ||    41
       Scroll            |       |     7 |     5 |     9 |    22 ||    43
 Stab: Invisible         |       |       |       |       |     4 ||     4
  Eat: Chunk             |     2 |     7 |     5 |    18 |    23 ||    55
       Ration            |       |     1 |     3 |     9 |     7 ||    20
Armor: Scale mail        |    78 |   514 |   385 |   826 |   227 ||  2030
       Skin              |       |       |       |    48 |       ||    48
       Plate armour      |       |       |       |       |   767 ||   767
Dodge: Dodged            |    37 |   355 |   220 |   581 |   474 ||  1667
Block: Shield            |    63 |   469 |   394 |   760 |   736 ||  2422

Table legend:
 A = Spawn XP
 B = Non-spawn XP
 C = Spawn XP percentage of total XP
 D = Spawn monster count
 E = Non-spawn monster count
 F = Spawn count percentage of total count
 G = Total turns spent on level
                    A         B        C        D         E        F      G
               +---------+---------+-------+---------+---------+-------+---------
         Total |       0 |   95504 |   0.0 |       0 |     635 |   0.0 | 35551
               +---------+---------+-------+---------+---------+-------+---------
           D:1 |       0 |      30 |   0.0 |       0 |      14 |   0.0 |   879
           D:2 |       0 |     172 |   0.0 |       0 |      30 |   0.0 |  1593
           D:3 |       0 |     116 |   0.0 |       0 |      28 |   0.0 |   729
           D:4 |       0 |     758 |   0.0 |       0 |      12 |   0.0 |  1103
           D:5 |       0 |     612 |   0.0 |       0 |      12 |   0.0 |   485
           D:6 |       0 |    1086 |   0.0 |       0 |      25 |   0.0 |   769
           D:7 |       0 |    2149 |   0.0 |       0 |      39 |   0.0 |   894
           D:8 |       0 |    1867 |   0.0 |       0 |      20 |   0.0 |   621
           D:9 |       0 |    1095 |   0.0 |       0 |      19 |   0.0 |  1799
          D:10 |       0 |    3732 |   0.0 |       0 |      41 |   0.0 |  3230
          D:11 |       0 |    9875 |   0.0 |       0 |      80 |   0.0 |  4835
          D:12 |       0 |    9785 |   0.0 |       0 |      46 |   0.0 |  2419
          D:13 |       0 |    8952 |   0.0 |       0 |      45 |   0.0 |  3252
          D:14 |       0 |    5164 |   0.0 |       0 |      11 |   0.0 |   483
        Lair:1 |       0 |    6103 |   0.0 |       0 |      13 |   0.0 |  1530
        Lair:2 |       0 |    4687 |   0.0 |       0 |      18 |   0.0 |  1500
        Lair:3 |       0 |    6053 |   0.0 |       0 |      29 |   0.0 |  1008
        Lair:4 |       0 |    8546 |   0.0 |       0 |      23 |   0.0 |  1821
        Lair:5 |       0 |    9546 |   0.0 |       0 |      28 |   0.0 |  1910
        Lair:6 |       0 |   13561 |   0.0 |       0 |      33 |   0.0 |  1188
           Lab |       0 |    1200 |   0.0 |       0 |       1 |   0.0 |  1106
         Sewer |       0 |     340 |   0.0 |       0 |      47 |   0.0 |  1605
       Ossuary |       0 |      75 |   0.0 |       0 |      21 |   0.0 |   624
               +---------+---------+-------+---------+---------+-------+---------
